 Dungeon Crawl Stone Soup version 0.27-a0-242-ge0fc76b88b (webtiles) character file.

Game seed: 8854372456368990447

18137 sahdkjhfkaj the Grappler (level 12, -2/107 HPs)
             Began as a Troll Chaos Knight on Feb 2, 2021.
             Was a Follower of Uskayaw.
             Shot with an arrow by a centaur (7 damage)
             ... on level 2 of the Lair of Beasts.
             The game lasted 00:21:35 (12958 turns).

sahdkjhfkaj the Grappler (Troll Chaos Knight)      Turns: 12958, Time: 00:21:35

Health: -2/107     AC: 11    Str: 23    XL:     12   Next: 25%
Magic:  9/18       EV: 10    Int: 10    God:    Uskayaw [*.....]
Gold:   711        SH:  5    Dex:  9    Spells: 13/21 levels left

rFire    . . .     SeeInvis .     - Unarmed
rCold    + . .     Faith    .   (no shield)
rNeg     . . .     Spirit   .   l - +2 robe {rC+}
rPois    .         Reflect  +   k - +0 hat
rElec    .         Harm     .   r - +2 cloak
rCorr    .         Rampage  .   (gloves unavailable)
Will     .....                  (boots unavailable)
Stlth    +.........             H - amulet of reflection
HPRegen  0.67/turn              e - ring of flight
MPRegen  0.16/turn              j - ring of wizardry

@: marked
A: large, unfitting armour, beak, claws 3, hooves 1, blurry vision 1, dopey 1,
regeneration 1, shaggy fur 1, tough skin 3, MP-powered wands
a: Renounce Religion, Evoke Flight, Stomp


You were on level 2 of the Lair of Beasts.
You worshipped Uskayaw.
Uskayaw was noncommittal.
You visited 3 branches of the dungeon, and saw 15 of its levels.

You collected 1516 gold pieces.
You spent 805 gold pieces at shops.

Inventory:

Armour
 k - a +0 hat (worn)
   (You found it on level 4 of the Dungeon)
 l - a +2 robe of cold resistance (worn)
   (You took it off Sigmund on level 6 of the Dungeon)
 r - a +2 cloak (worn)
   (You took it off Crazy Yiuf on level 5 of the Dungeon)
Jewellery
 e - a ring of flight (left claw)
   (You found it on level 2 of the Dungeon)
 j - a ring of wizardry (right claw)
   (You found it on level 3 of the Dungeon)
 H - an amulet of reflection (around neck)
   (You found it on level 10 of the Dungeon)
Wands
 d - a wand of iceblast (2)
   (You found it on level 5 of the Dungeon)
 t - a wand of flame (51)
   (You found it on level 5 of the Dungeon)
 u - a wand of paralysis (4)
   (You found it on level 7 of the Dungeon)
 v - a wand of digging (10)
   (You took it off Crazy Yiuf on level 5 of the Dungeon)
Scrolls
 a - a scroll of blinking
 c - 4 scrolls of fog
 g - 13 scrolls of teleportation {@r4}
 i - a scroll of immolation {!r}
 n - 3 scrolls of fear
 p - 11 scrolls of remove curse {@r2}
 s - 3 scrolls of enchant armour
 x - a scroll of torment {unknown}
 A - a scroll of brand weapon {unknown}
 B - a scroll of noise {unknown}
 F - a scroll of random uselessness {unknown}
 G - a scroll of acquirement {unknown}
 I - a scroll of vulnerability {unknown}
Potions
 b - 2 potions of curing {@q1}
 f - 4 potions of brilliance
 h - 2 potions of mutation {!q}
 o - 2 potions of heal wounds {@q2}
 w - 5 potions of lignification {!q}
 z - 3 potions of might
 C - a potion of flight
 D - a potion of cancellation
 E - 2 potions of ambrosia
 K - a potion of resistance {unknown}


   Skills:
 - Level 4.0 Fighting
 - Level 1.9 Dodging
 - Level 13.4 Unarmed Combat
 - Level 5.0 Spellcasting
 + Level 3.4 Necromancy
 - Level 2.0 Translocations
 - Level 5.0 Air Magic
 + Level 3.7 Earth Magic
 - Level 5.0 Poison Magic
 - Level 2.6 Invocations


You had 13 spell levels left.
You knew the following spells:

 Your Spells              Type           Power        Failure   Level
c - Apportation           Tloc           12%          4%          1
f - Borgnjor's Vile Clut  Necr/Erth      4%           47%         5
x - Poisonous Vapours     Pois/Air       24%          1%          2

Your spell library contained the following spells:

 Spells                   Type           Power        Failure   Level
 Sandblast                Erth           20%          1%          1
 Animate Skeleton         Necr           18%          2%          1
 Passwall                 Tmut/Erth      5%           6%          2
 Mephitic Cloud           Conj/Pois/Air  9%           8%          3
 Corona                   Hex            2%           9%          1
 Summon Small Mammal      Summ           8%           9%          1
 Stone Arrow              Conj/Erth      12%          13%         3
 Ensorcelled Hibernation  Hex/Ice        4%           14%         2
 Confusing Touch          Hex            2%           26%         3
 Conjure Flame            Conj/Fire      2%           26%         3
 Dazzling Flash           Conj/Hex       4%           26%         3
 Tukima's Dance           Hex            2%           26%         3
 Leda's Liquefaction      Hex/Erth       3%           38%         4
 Lee's Rapid Deconstruct  Erth           5%           45%         5
 Freezing Cloud           Conj/Ice/Air   2%           99%         6


Dungeon Overview and Level Annotations

Branches:
Dungeon (12/15)            Temple (1/1) D:5            Lair (2/6) D:11
 Shoals (0/4) Lair:2        Snake (0/4) Lair:2          Orc (0/2) D:11

Altars:
Ashenzari
Cheibriados
Dithmenos
Elyvilon
Fedhas
Gozag
Hepliaklqana
Kikubaaqudgha
Makhleb
Nemelex Xobeh
Okawaru
Qazlal
Ru
Sif Muna
Trog
Uskayaw
Vehumet
Wu Jian
Xom
Yredelemnul
Zin
The Shining One

Shops:
D:10 :}

Portals:
Gauntlet: Lair:2

Annotations:
D:3 3 runed translucent doors, Mrcawl's ghost, amateur BaFi; Sekkong's ghost, amateur MiBe
Lair:2 Harold; Prince Ribbit


Innate Abilities, Weirdness & Mutations

You are too large for most types of armour.
You have claws for hands.
Your natural rate of healing is unusually fast.
You are covered in fur. (AC +1)
You have extremely tough skin. (AC +3)
You have a beak for a mouth.
You have large cloven feet.
Scrolls take you a little longer to read.
You are dopey. (Int -2)
You expend magic power (3 MP) to strengthen your wands.


Message History

Unknown command.
Unknown command.
Unknown command.
Really read with blurry vision while enemies are nearby?
Uppercase [Y]es or [N]o only, please.
Really read with blurry vision while enemies are nearby? [Y]es or [N]o only, please.
Really read with blurry vision while enemies are nearby?
Uppercase [Y]es or [N]o only, please.
Really read with blurry vision while enemies are nearby?
You feel sick.
You begin reading the scroll.
You continue reading the scroll.
You feel sick.
The centaur hits you but does no damage.
The cane toad stings you.
* * * LOW HITPOINT WARNING * * *
You are lethally poisoned!
The cane toad poisons you! You block the centaur's attack.
The cane toad stings you!
* * * LOW HITPOINT WARNING * * *
You are more poisoned.
The cane toad poisons you!
Blink to where?
Are you sure you want to cancel this blink?
Blink to where?
As you read the scroll of blinking, it crumbles to dust.
Found a gate leading to a gauntlet.
Found a stone staircase leading down.
You feel better.
Unknown command.
The centaur wields a +0 shortbow.
The centaur shoots an arrow.
The arrow hits you!
* * * LOW HITPOINT WARNING * * *
A blink frog comes into view.
There is a stone staircase leading down here.
The centaur shoots an arrow.
You reflect the arrow off an invisible shield around you!
The arrow hits the centaur.
The centaur shoots an arrow.
The arrow closely misses you.
A yak comes into view.
The yak bellows!
You hear a bellow! x3
A yak comes into view.
The yak moves out of view.
There is a dry fountain here.
A yak comes into view.
The yak moves out of view.
A yak comes into view.
A yak comes into view.
The centaur shoots an arrow.
The arrow hits you!
You die...
Xom giggles madly!

**,,+**,,,,,,,,,,*
**,..,,*#....../..*
*,*...*.#.........#
***,*,..#,..........#
*****,,,*,⌠.Y.#.........#*
,,**,*,,*,,,#Y#..........*
,,,,,,*,*,,,#Y...........*
,*,****,,,,*Y#..∩.......#*
*********,+,,#..@........*
****,***,,,,,#Y##.##....#*
**,⌠,**,,,#*#.##.⌠.##*..**
,,,,,,*,,,...,#.....#.#.P*
*⌠,<,,+,,,⌠...+..F.⌠....P*
*,,,,,,,,.....F.....#...P*
**,⌠,**,,......#.⌠.##....*
,,,,*,**,,...##...#c....#*
,*,,,,,*,,+#.#....c.....#


You could see 4 yaks, a cane toad and a centaur.

Vanquished Creatures
  Fannar (D:10)
  A hydra (Lair:1)
  4 two-headed ogres
  Nergalle (D:11)
  An unseen horror (D:11)
  Joseph (D:10)
  2 cane toads (Lair:1)
  A komodo dragon (Lair:1)
  A polar bear (Lair:1)
  A troll (D:10)
  5 blink frogs (Lair:1)
  17 yaks
  Sigmund (D:6)
  A wraith (D:11)
  3 wyverns (D:10)
  A steam dragon (D:7)
  A soldier ant (D:11)
  6 water moccasins
  3 orc warriors
  4 ice beasts
  A sky beast (D:8)
  2 black bears (D:9)
  A necrophage (D:10)
  8 ogres
  3 centaurs
  4 phantoms
  3 big kobolds
  7 bullfrogs
  A wyvern skeleton (D:11)
  2 scorpions
  11 killer bees
  13 wights
  5 howler monkeys
  2 quasits
  Crazy Yiuf (D:5)
  A centaur zombie (D:5)
  5 hounds
  2 jellies
  A bullfrog skeleton (D:9)
  4 centaur skeletons
  7 orc priests
  Jessica (D:6)
  2 iguanas
  8 orc wizards
  10 worker ants
  2 hound skeletons
  2 hound zombies
  3 worker ant zombies
  10 gnolls
  2 howler monkey skeletons
  11 adders
  A shadow imp (D:5)
  6 white imps
  3 ufetubi
  2 adder skeletons
  2 adder zombies
  3 worms
  A dart slug (D:5)
  6 leopard geckos
  50 orcs
  A ball python (D:2)
  4 giant cockroaches
  4 hobgoblins
  6 jackals
  5 quokkas
  5 bats
  3 frilled lizards
  3 goblins (D:1)
  A jackal skeleton (D:4)
  24 kobolds
  A leopard gecko skeleton (D:4)
  A quokka zombie (D:9)
  8 rats
331 creatures vanquished.

Vanquished Creatures (collateral kills)
  An adder skeleton (D:5)
1 creature vanquished.

Vanquished Creatures (others)
  8 fungi
  20 plants
  6 withered plants (D:3)
34 creatures vanquished.

Grand Total: 366 creatures vanquished

Notes
Turn   | Place    | Note
-------+----------+-------------------------------------------
     0 | D:1      | sahdkjhfkaj the Troll Chaos Knight began the quest for the
                  | Orb.
     0 | D:1      | Reached XP level 1. HP: 22/22 MP: 0/0
   184 | D:1      | XOM: silly message
   442 | D:2      | Reached XP level 2. HP: 24/29 MP: 1/1
   573 | D:2      | XOM: silly message
   679 | D:2      | XOM: silly message
   680 | D:2      | Reached XP level 3. HP: 35/36 MP: 2/2
   690 | D:2      | XOM: potion effect (brilliance)
   698 | D:2      | XOM: potion effect (brilliance)
   830 | D:2      | Reached skill level 4 in Unarmed Combat
   887 | D:2      | Found a blossoming altar of Fedhas.
   917 | D:2      | XOM: divination: detect items
  1039 | D:3      | Reached XP level 4. HP: 43/45 MP: 3/3
  1110 | D:3      | XOM: silly message
  1189 | D:3      | Reached skill level 5 in Unarmed Combat
  1212 | D:3      | XOM: divination: detect creatures
  1236 | D:3      | Reached XP level 5. HP: 50/53 MP: 4/4
  1258 | D:3      | XOM: silly message
  1268 | D:3      | Found a runed translucent gate.
  1269 | D:3      | Found a runed translucent gate.
  1271 | D:3      | Found a runed translucent gate.
  1273 | D:3      | Noticed Sekkong's ghost (amateur MiBe)
  1273 | D:3      | Noticed Mrcawl's ghost (amateur BaFi)
  2219 | D:4      | XOM: god gift: fuming yellow potion {god gift}
  2308 | D:4      | XOM: scenery: 1 doors close
  2479 | D:4      | XOM is BORED!
  2589 | D:4      | Noticed an ogre
  2593 | D:4      | Killed an ogre
  2594 | D:4      | Reached skill level 6 in Unarmed Combat
  2594 | D:4      | Reached XP level 6. HP: 52/62 MP: 5/5
  2764 | D:4      | XOM: god gift: scroll of teleportation
  2775 | D:4      | XOM: cleaving
  2784 | D:4      | XOM: butterfly on damage
  3018 | D:4      | Reached skill level 7 in Unarmed Combat
  3018 | D:4      | Reached XP level 7. HP: 70/70 MP: 6/6
  3259 | D:5      | Entered Level 5 of the Dungeon
  3297 | D:5      | XOM: cloud trail
  3351 | D:5      | Reached skill level 8 in Unarmed Combat
  3363 | D:5      | XOM: summons 7 friendly demons
  3409 | D:5      | XOM: scenery: summon butterflies
  3584 | D:5      | Found a snail-covered altar of Cheibriados.
  3664 | D:5      | Found a staircase to the Ecumenical Temple.
  3719 | Temple   | Entered the Ecumenical Temple
  3847 | Temple   | XOM: give mutations
  3847 | Temple   | Gained mutation: You have a beak for a mouth. [Xom's grace]
  3847 | Temple   | Gained mutation: You expend magic power (3 MP) to
                  | strengthen your wands. [Xom's grace]
  3847 | Temple   | Gained mutation: You possess an exceptional clarity of
                  | mind. [Xom's grace]
  3847 | Temple   | Gained mutation: Your spells are a little harder to cast,
                  | but a little more powerful. [Xom's grace]
  3909 | Temple   | Fell from the grace of Xom
  3909 | Temple   | Became a worshipper of Uskayaw the Reveller
  4011 | D:5      | Reached * piety under Uskayaw
  4070 | D:5      | Got an ebony morningstar
  4082 | D:5      | Identified the +5 morningstar of Incongruity {freeze, rF+}
                  | (You found it on level 5 of the Dungeon)
  4095 | D:5      | Reached ** piety under Uskayaw
  4102 | D:5      | Reached *** piety under Uskayaw
  4364 | D:5      | Reached skill level 1 in Invocations
  4543 | D:5      | XOM: summons 3 hostile shadow creatures
  4625 | D:5      | Found a runed translucent door.
  4626 | D:5      | Noticed Crazy Yiuf
  4632 | D:5      | Killed Crazy Yiuf
  4680 | D:6      | Noticed Sigmund
  4684 | D:6      | Killed Sigmund
  4685 | D:6      | Reached XP level 8. HP: 78/78 MP: 8/8
  4753 | D:6      | Learned a level 2 spell: Poisonous Vapours
  4782 | D:6      | Reached **** piety under Uskayaw
  4786 | D:6      | Reached skill level 1 in Air Magic
  4786 | D:6      | Reached skill level 1 in Poison Magic
  4834 | D:6      | Reached skill level 1 in Spellcasting
  5041 | D:6      | Noticed Jessica
  5043 | D:6      | Killed Jessica
  5084 | D:6      | Found a shimmering blue altar of Sif Muna.
  5208 | D:6      | Found a shimmering altar of Xom.
  5497 | D:7      | XOM: 3-stop teleportation journey
  5529 | D:7      | XOM: summons 6 hostile demons
  5569 | D:7      | XOM: god gift: iron wand {god gift}
  5634 | D:7      | Reached XP level 9. HP: 57/84 MP: 9/11
  5924 | D:8      | XOM: noise
  5957 | D:8      | Noticed a two-headed ogre
  6150 | D:6      | XOM: repel stairs
  6152 | D:6      | Killed a two-headed ogre
  6334 | D:8      | Reached ***** piety under Uskayaw
  7059 | D:8      | XOM: give mutation
  7059 | D:8      | Gained mutation: You have large cloven feet. [Xom's grace]
  7291 | D:9      | Reached XP level 10. HP: 92/92 MP: 14/14
  7641 | D:9      | Reached skill level 5 in Poison Magic
  7936 | D:9      | Reached skill level 5 in Air Magic
  8105 | D:9      | Learned a level 1 spell: Apportation
  8163 | D:9      | XOM: torment (47/92 hp)
  8301 | D:10     | Entered Level 10 of the Dungeon
  8301 | D:10     | Found Sillurre's Book Shop.
  8301 | D:10     | Noticed Joseph
  8313 | D:10     | Killed Joseph
  8314 | D:10     | Reached skill level 1 in Translocations
  8568 | D:10     | Noticed a two-headed ogre
  8580 | D:10     | Killed a two-headed ogre
  8581 | D:10     | Reached skill level 5 in Spellcasting
  8581 | D:10     | Reached skill level 9 in Unarmed Combat
  8664 | D:10     | Noticed Fannar
  8680 | D:10     | Killed Fannar
  8681 | D:10     | Reached skill level 10 in Unarmed Combat
  8752 | D:10     | Found a glowing golden altar of the Shining One.
  8808 | D:10     | Reached XP level 11. HP: 99/100 MP: 17/17
  8943 | D:10     | Noticed a two-headed ogre
  8970 | D:10     | Killed a two-headed ogre
  9013 | D:10     | XOM: give mutations
  9013 | D:10     | Lost mutation: You possess an exceptional clarity of mind.
                  | [Xom's mischief]
  9013 | D:10     | Gained mutation: You are weak. (Str -2) [Xom's mischief]
  9171 | D:10     | XOM: give mutations
  9171 | D:10     | Lost mutation: You are weak. (Str -2) [Xom's mischief]
  9171 | D:10     | Gained mutation: Scrolls take you a little longer to read.
                  | [Xom's mischief]
  9468 | D:10     | Found Axzoyrgha's Gadget Shop.
  9526 | D:11     | Found a staircase to the Lair.
  9532 | D:11     | Reached skill level 11 in Unarmed Combat
 10197 | D:11     | Reached skill level 12 in Unarmed Combat
 10327 | D:11     | XOM: 2-stop teleportation journey
 10506 | D:11     | Killed an unseen horror
 10618 | D:11     | Found a staircase to the Orcish Mines.
 10803 | D:11     | Reached skill level 13 in Unarmed Combat
 11010 | D:11     | Noticed Nergalle
 11017 | D:11     | Killed Nergalle
 11189 | D:11     | Noticed a two-headed ogre
 11215 | D:11     | Killed a two-headed ogre
 11230 | D:11     | XOM: god gift: 843 gold pieces
 11379 | D:10     | Bought the Reference Book on Earth for 805 gold pieces
 11385 | D:10     | Learned a level 5 spell: Borgnjor's Vile Clutch
 11455 | Lair:1   | Entered Level 1 of the Lair of Beasts
 11555 | Lair:1   | Reached skill level 1 in Necromancy
 11555 | Lair:1   | Reached skill level 1 in Earth Magic
 11620 | Lair:1   | XOM: 2-stop teleportation journey
 11743 | Lair:1   | XOM: give mutations
 11743 | Lair:1   | Lost mutation: Scrolls take you a little longer to read.
                  | [Xom's mischief]
 11743 | Lair:1   | Lost mutation: Your spells are a little harder to cast, but
                  | a little more powerful. [Xom's mischief]
 11743 | Lair:1   | Gained mutation: You are dopey. (Int -2) [Xom's mischief]
 11743 | Lair:1   | Gained mutation: Scrolls take you a little longer to read.
                  | [Xom's mischief]
 11834 | Lair:1   | Reached XP level 12. HP: 101/107 MP: 13/18
 11972 | Lair:1   | Noticed a six-headed hydra
 11991 | Lair:1   | Killed an eight-headed hydra
 12535 | Lair:1   | XOM: scenery: summon butterflies
 12884 | Lair:2   | Noticed an eight-headed hydra
 12898 | Lair:2   | Upgraded the game from 0.27-a0-223-ge082b6e869 to
                  | 0.27-a0-242-ge0fc76b88b
 12906 | Lair:2   | Noticed Harold
 12927 | Lair:2   | Noticed Prince Ribbit
 12948 | Lair:2   | HP: 1/107 [cane toad (16)]
 12952 | Lair:2   | Found a gate leading to a gauntlet.
 12953 | Lair:2   | HP: 2/107 [centaur/arrow (10)]
 12958 | Lair:2   | Shot with an arrow by a centaur

Illustrated notes

Levels and vault maps discovered:
D:1:      eino_arrival_water_cross, layout_loops_ring
D:2:      layout_rooms, general_overflow_altar
D:3:      layout_basic, gammafunk_ghost_cemetery
D:4:      layout_loops_corners
D:5:      minmay_general_purpose_star, layout_layer_cave,
          minmay_temple_entry_wispy, basic_altar, minmay_misc_feat_more_columns,
          uniq_crazy_yiuf_cottage
D:6:      layout_basic, basic_altar, tgw_sif, uniq_sigmund
D:7:      layout_rooms
D:8:      layout_cave_pools
D:9:      layout_stronghold
D:10:     layout_gridville, serial_shops, shop_statue, kennysheep_mini_moat,
          basic_altar, uniq_fannar, uniq_joseph
D:11:     layout_long_grid, minmay_lair_entry_grove, david_orc_3, uniq_nergalle
D:12:     layout_long_grid
Temple:   kilobyte_greek_temple
Lair:1:   layout_small_grid, infiniplex_staircase_pool
Lair:2:   layout_roguey, minmay_shoals_entry_centaurs,
          guppyfry_snake_entry_island, gauntlet_entry_generic,
          grunt_megastairs_1, serial_bayou_shore_b, uniq_harold,
          uniq_prince_ribbit2

Skill      XL: |  1  2  3  4  5  6  7  8  9 10 11 12 |
---------------+-------------------------------------+-----
Unarmed Combat | 4 5 6 7 8 10 13 | 13.4
Fighting       | 3 4 |  4.0
Invocations    | 2 |  2.6
Air Magic      | 2 4 5 |  5.0
Poison Magic   | 2 4 5 |  5.0
Spellcasting   | 2 3 5 |  5.0
Translocations | 2 |  2.0
Necromancy     | 1 3 |  3.4
Earth Magic    | 1 3 |  3.7
Dodging        | |  1.9

Action                   |  1- 3 |  4- 6 |  7- 9 | 10-12 || total
-------------------------+-------+-------+-------+-------++-------
Melee: Unarmed           |    81 |   128 |   337 |   414 ||   960
       Punch             |       |     2 |     4 |    15 ||    21
       Peck              |       |       |    32 |    66 ||    98
       Kick              |       |       |     4 |   111 ||   115
 Cast: Poisonous Vapours |       |       |    26 |   111 ||   137
       Apportation       |       |       |       |     1 ||     1
       Borgnjor's Vile C |       |       |       |     2 ||     2
Invok: Stomp             |       |       |     1 |       ||     1
Evoke: Wand              |       |       |     2 |     2 ||     4
  Use: Scroll            |     5 |     1 |     5 |    11 ||    22
       Potion            |       |     1 |       |     4 ||     5
 Stab: Paralysed         |       |       |    11 |    15 ||    26
Armor: Robe              |    30 |    57 |   157 |   181 ||   425
Dodge: Dodged            |    33 |    74 |   231 |   277 ||   615
Block: Other             |       |       |       |     8 ||     8
       Reflection        |       |       |       |     2 ||     2

Table legend: (Time is in decaauts)
 A = Elapsed time spent in this place.
 B = Non-inter-level travel time spent in this place.
 C = Inter-level travel time spent in this place.
 D = Time resting spent in this place.
 E = Time spent auto-exploring this place.
 F = Levels seen in this place.
 G = Mean time per level.
                   A        B        C        D        E       F      G
               +--------+--------+--------+--------+--------+-----+--------+
         Total |  12825 |  12347 |    478 |    697 |   9275 |  15 |  855.0 |
       Dungeon |  11097 |  10740 |    357 |    625 |   7920 |  12 |  924.8 |
        Temple |    222 |    161 |     61 |      0 |    157 |   1 |  222.0 |
          Lair |   1505 |   1446 |     59 |     72 |   1198 |   2 |  752.5 |
               +--------+--------+--------+--------+--------+-----+--------+

Top non-repeatable levels by time:
    D:10: 1789 daAuts
  Lair:1: 1445 daAuts
    D:11: 1314 daAuts
     D:3: 1225 daAuts
     D:9: 1212 daAuts
     D:5: 1169 daAuts
     D:4: 989 daAuts
     D:6: 922 daAuts
     D:8: 817 daAuts
     D:7: 624 daAuts
     D:1: 562 daAuts
     D:2: 464 daAuts
  Temple: 222 daAuts
  Lair:2: 60 daAuts
    D:12: 6 daAuts
